 Dungeon Crawl Stone Soup version 0.27.1-33-g824d729ab1 (webtiles) character file.

Game seed: 7820526048153777401

16 lordive the Shooter (level 2, -5/25 HPs)
             Began as a Minotaur Hunter on Dec 27, 2021.
             Slain by an iguana (10 damage)
             ... on level 2 of the Dungeon.
             The game lasted 00:00:55 (1264 turns).

lordive the Shooter (Minotaur Hunter)               Turns: 1264, Time: 00:00:56

Health: -5/25      AC:  5    Str: 16    XL:     2   Next: 37%
Magic:  1/1        EV: 11    Int:  8    God:
Gold:   55         SH:  0    Dex: 10    Spells: 1/1 levels left

rFire    . . .     SeeInvis .   b - +0 short sword
rCold    . . .     Faith    .   (no shield)
rNeg     . . .     Spirit   .   m - +0 ring mail
rPois    .         Reflect  .   (helmet restricted)
rElec    .         Harm     .   (no cloak)
rCorr    .         Rampage  .   (no gloves)
Will     .....                  (no boots)
Stlth    +.........             c - amulet of the acrobat
HPRegen  0.08/turn              f - ring of flight
MPRegen  0.07/turn              (no ring)

@: flying
A: horns 2, retaliatory headbutt
a: no special abilities


You were on level 2 of the Dungeon.
You visited 1 branch of the dungeon, and saw 2 of its levels.

You collected 55 gold pieces.

Inventory:

Hand Weapons
 a - a +1 shortbow
 b - a +0 short sword (weapon)
Missiles
 d - 41 arrows
Armour
 m - a +0 ring mail (worn)
Jewellery
 c - an amulet of the acrobat (around neck)
 f - a ring of flight (left hand)
 l - a ring of ice
Scrolls
 h - 2 scrolls of blinking {unknown}
 i - a scroll of brand weapon {unknown}
Potions
 e - a potion of might {unknown}
 g - a potion of brilliance {unknown}
 j - a potion of lignification {unknown}
 k - a potion of curing {unknown}


   Skills:
 + Level 2.5 Fighting
 + Level 4.9 Bows
 + Level 0.3 Armour
 + Level 2.2 Dodging
 + Level 1.0 Stealth


You had one spell level left.
You didn't know any spells.
Your spell library contained the following spells:

 Spells                   Type           Power      Damage    Failure   Level
 Sting                    Tmut/Pois      0%         1d3       63%         1
 Poisonous Vapours        Pois/Air       0%         N/A       77%         2
 Olgreb's Toxic Radiance  Pois           0%         N/A       100%        4


Dungeon Overview and Level Annotations

Branches:
Dungeon (2/15)

Altars:


Innate Abilities, Weirdness & Mutations

You have a pair of horns on your head.
You reflexively headbutt those who attack you in melee.


Message History

You see here a dart slug corpse.
An iguana and a hobgoblin come into view.
The iguana hisses angrily.
There are monsters nearby!
There are monsters nearby!
There are monsters nearby!
There are monsters nearby!
The hobgoblin barely misses you.
You barely miss the iguana. You headbutt the iguana!
The iguana is moderately wounded.
The hobgoblin hits you but does no damage.
The iguana bites you.
You hit the iguana but do no damage. Your headbutt misses the iguana.
The iguana is moderately wounded.
The hobgoblin hits you but does no damage.
The iguana barely misses you.
You hit the iguana.
You headbutt the iguana, but do no damage.
The iguana is heavily wounded.
The hobgoblin closely misses you. The iguana closely misses you.
You hit the iguana. You headbutt the iguana.
The iguana is almost dead.
The hobgoblin closely misses you. The iguana bites you!
You are too injured to fight recklessly!
You are too injured to fight recklessly!
You are too injured to fight recklessly!
You are too injured to fight recklessly!
You are too injured to fight recklessly!
Unknown command.
The iguana bites you. The hobgoblin misses you. You furiously retaliate!
You headbutt the hobgoblin. The iguana completely misses you.
You barely miss the iguana. Your headbutt misses the iguana.
The iguana is almost dead.
The iguana bites you.
* * * LOW HITPOINT WARNING * * *
You barely miss the iguana.
The iguana is almost dead.
The iguana bites you!
You die...

.. # ...# #.# ...#
#.#.#..# ...#..
#.... #
#.#.####.########
#...gl@..#......#
#....#####.####.#
#....#####.# #.#
#..........# #†#
#..#.##########.###
.....#.#
#.......(.#
....#.#.#
#.#########
......#.# #.#
#######.# #.#


You could see an iguana and a hobgoblin.

Vanquished Creatures
  2 dart slugs
  A bat (D:1)
  An endoplasm (D:1)
  3 goblins (D:1)
  A hobgoblin (D:1)
  2 kobolds (D:1)
10 creatures vanquished.

Notes
Turn   | Place    | Note
-------+----------+-------------------------------------------
     0 | D:1      | lordive the Minotaur Hunter began the quest for the Orb.
     0 | D:1      | Reached XP level 1. HP: 18/18 MP: 0/0
   504 | D:1      | Reached XP level 2. HP: 22/25 MP: 1/1
  1236 | D:2      | Reached skill level 1 in Stealth
  1264 | D:2      | Slain by an iguana

Illustrated notes

Levels and vault maps discovered:
D:1:      pf_arrival_petrified_forest, layout_basic, minivault_24,
          hex_intersection, corexii_hall_statues_t, amcnicky_mini_pool_small,
          minmay_misc_feat_cross
D:2:      layout_basic, uniq_terence

Skill      XL: |  1  2 |
---------------+-------+-----
Stealth        | 1 |  1.0
Fighting       | |  2.5
Bows           | |  4.9
Armour         | |  0.3
Dodging        | |  2.2

Action                   || total
-------------------------++-------
Melee: Short sword       ||    33
       Headbutt          ||     9
Armor: Leather armour    ||     3
       Ring mail         ||     3
Dodge: Dodged            ||    18
